 Dungeon Crawl Stone Soup version 0.30.1-11-g7821555f0a (webtiles) character file.

Game seed: 12433536652217693063

1995 pkoi the Sneak (level 9, -1/51 HPs)
             Began as an Octopode Conjurer on Nov 14, 2023.
             Was a Believer of Dithmenos.
             Shot with an arrow by a centaur (4 damage)
             ... on level 6 of the Dungeon.
             The game lasted 00:11:37 (7493 turns).

pkoi the Sneak (Octopode Conjurer)                  Turns: 7493, Time: 00:11:37

Health: -1/51      AC:  5    Str: 12    XL:     9   Next: 21%
Magic:  12/16      EV: 12    Int: 30    God:    Dithmenos [**....]
Gold:   232        SH:  6    Dex: 11    Spells: 1/18 levels left

rFire   . . .        n - +0 short sword (elec)
rCold   . . .        o - +2 buckler
rNeg    . . .        (helmet restricted)
rPois   .            (no amulet)
rElec   .            e - +6 ring of intelligence
rCorr   .            b - +6 ring of strength
SInv    .            m - +4 ring of protection
Will    .....        (no ring)
Stlth   +++++        (no ring)
HPRegen 0.28/turn    (no ring)
MPRegen 0.15/turn    (no ring)
                     (no ring)

%: no passive effects
@: marked, wreathed by umbra
A: almost no armour, amphibious, 8 rings, camouflage 1, gelatinous body 1,
(nimble swimmer 1), tentacles
a: Renounce Religion, Shadow Step


You were on level 6 of the Dungeon.
You worshipped Dithmenos.
Dithmenos was pleased with you.
You visited 2 branches of the dungeon, and saw 7 of its levels.
You also visited: Ossuary.

You collected 232 gold pieces.

Inventory:

Hand Weapons
 d - a +0 spear
 n - a +0 short sword of electrocution (weapon)
 y - a +5 short sword
Missiles
 x - 2 throwing nets
Armour
 o - a +2 buckler (worn)
Jewellery
 b - a +6 ring of strength (right tentacle)
 e - a +6 ring of intelligence (left tentacle)
 m - a +4 ring of protection (on tentacle)
Wands
 k - a wand of paralysis (11)
 p - a wand of flame (26)
Scrolls
 h - a scroll of enchant armour
 i - a scroll of identify
 r - a scroll of teleportation
 u - a scroll of magic mapping
 v - a scroll of fog
Potions
 a - a potion of magic
 c - 6 potions of curing
 f - a potion of resistance
 g - a potion of cancellation
 j - 2 potions of ambrosia
 l - 2 potions of heal wounds
 q - a potion of flight
 s - a potion of might
 t - a potion of lignification
 w - a potion of brilliance


   Skills:
 - Level 2.0 Dodging
 - Level 6.9 Stealth
 - Level 3.2 Shields
 - Level 5.0 Spellcasting
 - Level 6.8 Conjurations
 + Level 1.7 Hexes
 + Level 4.3 Translocations
 + Level 4.6 Air Magic


You had one spell level left.
You knew the following spells:

 Your Spells              Type           Power      Damage    Failure   Level
a - Magic Dart            Conj           100%       1d8       1%          1
b - Searing Ray           Conj           96%        2d7       1%          2
c - Static Discharge      Conj/Air       84%        2-6/arc   1%          2
d - Iskenderun's Mystic   Conj/Tloc      40%        2d9       9%          4
e - Airstrike             Air            17%        2d(3-19)  12%         4
f - Fulminant Prism       Conj/Hex       16%        3d11      14%         4

Your spell library contained the following spells:

 Spells                   Type           Power      Damage    Failure   Level
 Dazzling Flash           Conj/Hex       66%        N/A       4%          3
 Ensorcelled Hibernation  Hex/Ice        24%        N/A       9%          2
 Inner Flame              Hex/Fire       12%        N/A       17%         3
 Flame Wave               Conj/Fire      28%        2d9       19%         4
 Sticky Flame             Conj/Fire      28%        2d5       19%         4
 Spider Form              Tmut/Pois      7%         N/A       24%         3
 Summon Lightning Spire   Summ/Air       21%        N/A       30%         4
 Anguish                  Hex/Necr       6%         N/A       50%         4


Dungeon Overview and Level Annotations

Branches:
Dungeon (6/15)             Temple (1/1) D:4         Ossuary (visited)

Altars:
Dithmenos
Elyvilon
Fedhas
Gozag
Hepliaklqana
Makhleb
Nemelex Xobeh
Okawaru
Qazlal
Ru
Trog
Wu Jian
Yredelemnul
Zin
The Shining One

Annotations:
D:6 3 runed translucent doors, fitz's ghost, amateur HOFi


Innate Abilities, Weirdness & Mutations

You cannot wear most types of armour.
You are amphibious.
You can wear up to eight rings at the same time.
Your skin changes colour to match your surroundings (Stealth+).
Your rubbery body absorbs attacks. (AC +1, EV +1)
((You are camouflaged when in or above water. (Stealth+)))
You have tentacles for arms and can constrict up to eight enemies at once.


Message History

You block the arrow.
The water moccasin attacks as you move away!
The water moccasin bites you.
You feel sick.
The centaur shoots an arrow.
The arrow hits you!
The water moccasin attacks as you move away!
The water moccasin barely misses you.
You feel sick.
The centaur shoots an arrow.
The arrow barely misses you. The orc barely misses you.
The water moccasin attacks as you move away!
The water moccasin barely misses you.
You feel sick.
The centaur shoots an arrow.
The arrow completely misses you.
The centaur shoots an arrow.
You block the arrow. The water moccasin bites you.
You are more poisoned.
The water moccasin poisons you!
The water moccasin attacks as you move away!
The water moccasin bites you.
You feel very sick.
The centaur shoots an arrow.
You block the arrow.
You feel sick.
The centaur shoots an arrow.
The arrow closely misses you.
The centaur shoots an arrow.
The arrow closely misses you. The water moccasin bites you.
* * * LOW HITPOINT WARNING * * *
You feel better.
The centaur shoots an arrow.
The arrow hits you!
* * * LOW HITPOINT WARNING * * *
The water moccasin bites you!
* * * LOW HITPOINT WARNING * * *
The orc barely misses you.
The shadow imp grins evilly.
Okay, then.
Casting: Searing Ray (safe; 1% risk of failure)
Confirm with . or Enter, or press ? or * to list all spells.
You erupt in a blast of force!
The mystic blast hits the orc!
You kill the orc!
Dithmenos accepts your kill.
The mystic blast hits the water moccasin!
The water moccasin is moderately wounded.
The water moccasin is knocked back by the mystic blast.
The centaur shoots an arrow.
The arrow barely misses you.
The centaur shoots an arrow.
The arrow hits you.
You die...

#############.#####
#...........#.#
#...........#.#
+.....)...>...#
#...........###
#...........#
#...........#
#.....))....#
#........@###
#.......).#
...........##
...c......S.#
#####...5...#
.....#.......#
..#..#.#..#...o...#
..+...#..O#.......#
..+.....!W#.......#


You could see a water moccasin, a centaur, a shadow imp and an orc.

Vanquished Creatures
  Prince Ribbit (D:5)
  Eustachio (D:4)
  Edmund (D:4)
  A centaur (D:6)
  2 ogres (D:5)
  A gnoll sergeant (D:5)
  3 scorpions
  6 wights
  2 centaur zombies (Ossuary)
  5 hounds
  A bullfrog zombie (Ossuary)
  3 orc priests
  A human zombie (Ossuary)
  Jessica (D:2)
  An orc wizard (D:4)
  A scorpion zombie (Ossuary)
  An ogre zombie (Ossuary)
  8 adders
  8 gnolls
  A white imp (D:4)
  2 ufetubi (D:5)
  3 adder zombies (Ossuary)
  A worm (D:2)
  3 dart slugs
  12 orcs
  3 ball pythons (D:1)
  6 endoplasms
  3 giant cockroaches
  5 gnoll zombies (Ossuary)
  9 goblins
  10 hobgoblins
  3 jackals (D:3)
  4 quokkas
  2 bats
  2 frilled lizards
  2 goblin zombies (Ossuary)
  2 hobgoblin zombies (Ossuary)
  2 kobolds (D:2)
  5 orc zombies (Ossuary)
  4 rats
132 creatures vanquished.

Notes
Turn   | Place    | Note
-------+----------+-------------------------------------------
     0 | D:1      | pkoi the Octopode Conjurer began the quest for the Orb.
     0 | D:1      | Reached XP level 1. HP: 11/11 MP: 3/3
   194 | D:1      | Reached XP level 2. HP: 17/17 MP: 1/5
   240 | D:1      | Learned a level 2 spell: Searing Ray
   243 | D:1      | Learned a level 2 spell: Static Discharge
   907 | D:2      | Reached XP level 3. HP: 21/21 MP: 3/6
  1349 | D:2      | Reached skill level 5 in Conjurations
  1382 | D:2      | Reached XP level 4. HP: 23/27 MP: 4/8
  1631 | D:2      | Noticed Jessica
  1637 | D:2      | Killed Jessica
  1692 | D:2      | Got Jessica's Grimoire of Charms
  2086 | D:3      | Reached XP level 5. HP: 31/31 MP: 4/9
  2536 | D:3      | Reached skill level 1 in Air Magic
  2796 | D:3      | Found a shadowy altar of Dithmenos.
  2846 | D:3      | Became a worshipper of Dithmenos the Shadowed
  2942 | D:3      | Found an opulent altar of Gozag.
  3089 | D:4      | Learned a level 4 spell: Iskenderun's Mystic Blast
  3143 | D:4      | Reached XP level 6. HP: 36/36 MP: 0/11
  3154 | D:4      | Reached skill level 1 in Translocations
  3280 | D:4      | Noticed Edmund
  3305 | D:4      | Killed Edmund
  3743 | D:4      | Found a glowing silver altar of Zin.
  3783 | D:4      | Reached XP level 7. HP: 34/41 MP: 8/12
  4173 | D:4      | Found a staircase to the Ecumenical Temple.
  4213 | D:4      | Reached skill level 1 in Shields
  4350 | D:4      | Noticed Eustachio
  4370 | Temple   | Entered the Ecumenical Temple
  4578 | D:5      | Entered Level 5 of the Dungeon
  4640 | D:5      | Reached skill level 5 in Stealth
  4651 | D:5      | Noticed Prince Ribbit
  4661 | D:5      | Killed Prince Ribbit
  4661 | D:5      | Reached * piety under Dithmenos
  4684 | D:5      | Found a sand-covered staircase.
  4708 | Ossuary  | Entered an ossuary
  4736 | Ossuary  | Reached XP level 8. HP: 46/46 MP: 7/14
  5777 | Ossuary  | Noticed a silent spectre
  5844 | D:5      | Learned a level 4 spell: Airstrike
  5855 | D:5      | Found a blossoming altar of Fedhas.
  6041 | D:4      | Killed Eustachio
  6490 | D:5      | Reached ** piety under Dithmenos
  6770 | D:5      | Reached skill level 5 in Spellcasting
  7025 | D:5      | Found a white marble altar of Elyvilon.
  7031 | D:5      | Learned a level 4 spell: Fulminant Prism
  7031 | D:5      | Found a glowing golden altar of the Shining One.
  7143 | D:6      | Reached XP level 9. HP: 48/51 MP: 7/16
  7249 | D:6      | Reached skill level 1 in Hexes
  7418 | D:6      | Noticed fitz's ghost (amateur HOFi)
  7427 | D:6      | Found a runed translucent gate.
  7427 | D:6      | Found a runed translucent gate.
  7429 | D:6      | Found a runed translucent gate.
  7493 | D:6      | Shot with an arrow by a centaur

Illustrated notes

Levels and vault maps discovered:
D:1:      giann_bridges, layout_loops_ring, minmay_split_cup_large
D:2:      layout_loops_ring, st_stairs_14, kennysheep_jessica_study
D:3:      layout_basic, mainiacjoe_overflow_24_doors,
          mainiacjoe_overflow_alcove_4
D:4:      layout_gridville, zin_academy, minmay_temple_entry_proselytizer,
          nrook_loot_triangle, uniq_edmund, uniq_eustachio
D:5:      layout_cave_pools, fedhas_ov_isle_minmay,
          nicolae_overflow_hidden_temple, enter_ossuary_5, uniq_prince_ribbit1
D:6:      layout_basic, gammafunk_ghost_split, pf_guarded_unrand_meek,
          uniq_sigmund
Temple:   hellmonk_temple_forest_ring

Skill      XL: |  1  2  3  4  5  6  7  8  9 |
---------------+----------------------------+-----
Conjurations   | 5 6 |  6.8
Stealth        | 3 4 5 6 |  6.9
Spellcasting   | 3 4 5 |  5.0
Air Magic      | 1 2 3 4 |  4.6
Translocations | 1 2 3 4 |  4.3
Shields        | 1 3 |  3.2
Hexes          | 1 |  1.7
Dodging        | |  2.0

Action                     |  1- 3 |  4- 6 |  7- 9 || total
---------------------------+-------+-------+-------++-------
  Melee: Unarmed           |     2 |       |       ||     2
         Spear             |     4 |     2 |       ||     6
         Constrict         |     2 |     4 |     5 ||    11
         Tentacles         |     2 |     2 |     8 ||    12
         Short sword       |       |    16 |    27 ||    43
         Punch             |       |       |     2 ||     2
   Cast: Magic Dart        |    58 |    76 |   136 ||   270
         Searing Ray       |       |     4 |    25 ||    29
         Iskenderun's Myst |       |       |     1 ||     1
    Use: Scroll            |     7 |     4 |    10 ||    21
         Potion            |       |     2 |     1 ||     3
   Stab: Sleeping          |     1 |     1 |     4 ||     6
 Armour: Skin              |       |     1 |    16 ||    17
  Dodge: Dodged            |     1 |    18 |    55 ||    74
  Block: Buckler           |       |     1 |    25 ||    26
